 Dungeon Crawl Stone Soup version 0.19-a0-994-g3c636f0 (webtiles) character file.

23 mrath the Vexing (level 2, -2/19 HPs)
             Began as a Vampire Enchanter on July 15, 2016.
             Killed from afar by a dart slug (3 damage)
             ... with a slug dart
             ... on level 2 of the Dungeon.
             The game lasted 00:06:46 (1428 turns).

mrath the Vexing (Vampire Enchanter)                Turns: 1428, Time: 00:06:47

Health: -2/19      AC:  4    Str:  7    XL:     2   Next: 75%
Magic:  3/5        EV: 12    Int: 17    God:
Gold:   98         SH:  0    Dex: 14    Spells: 1 memorised, 5 levels left

rFire  . . .     SeeInvis +     a - +1 dagger
rCold  + . .     Gourm    .     b - +1 robe
rNeg   + + .     Faith    .     (no shield)
rPois  +         Spirit   .     (no helmet)
rElec  .         Dismiss  .     p - +0 cloak (curse)
rCorr  .         Reflect  .     (no gloves)
SustAt .         Harm     .     (no boots)
MR     .....                    (no amulet)
Stlth  +++.......               (no ring)
                                (no ring)

@: regenerating slowly, not resistant to hostile enchantments, fairly stealthy
A: fangs 3, see invisible, unbreathing
a: no special abilities


You were on level 2 of the Dungeon.
You were thirsty.

You visited 1 branch of the dungeon, and saw 2 of its levels.

You collected 98 gold pieces.

Inventory:

Hand Weapons
 a - a +1 dagger (weapon)
 k - a +0 short sword
Missiles
 e - 33 stones (quivered)
Armour
 b - a +1 robe (worn)
 p - a cursed +0 cloak (worn)
Scrolls
 f - a scroll of fog {unknown}
 g - 2 scrolls of teleportation {unknown}
 i - 3 scrolls of identify {unknown}
 j - a scroll of enchant weapon {unknown}
 l - a scroll of immolation {unknown}
 m - a scroll of remove curse {unknown}
 q - a scroll of random uselessness {unknown}
Potions
 d - 8 potions of blood
 h - a potion of degeneration {unknown}
 n - a potion of flight {unknown}
 o - 2 potions of agility {unknown}
 r - a potion of cure mutation {unknown}
Books
 c - a book of Maledictions

   Spells                             Type                      Level
   a - Corona                         Hexes                        1
   b - Ensorcelled Hibernation        Hexes/Ice                    2
   c - Confuse                        Hexes                        3
   d - Tukima's Dance                 Hexes                        3
   e - Dazzling Spray                 Conjuration/Hexes            3


   Skills:
 * Level 0.1 Fighting
 + Level 1.1 Short Blades
 + Level 0.0 Armour
 + Level 2.2 Dodging
 + Level 4.4 Stealth
 * Level 2.7 Spellcasting
 + Level 4.8 Hexes


You had 5 spell levels left.
You knew the following spells:

 Your Spells              Type           Power        Failure   Level  Hunger
a - Corona                Hex            ###....      2%          1    #......


Dungeon Overview and Level Annotations

Branches:
Dungeon (2/15)

Altars:


Innate Abilities, Weirdness & Mutations

You heal slowly.
You have razor-sharp teeth.
You have supernaturally acute eyesight. (SInv)
You can survive without breathing.


Message History

The quokka is almost dead.
The quokka barely misses you. The dart slug bites you.
* * * LOW HITPOINT WARNING * * *
The quokka barely misses you.
You hit the quokka.
You kill the quokka!
Casting: Corona
Confirm with . or Enter, or press ? or * to list all spells.
Aiming: Corona
Press: ? - help, Shift-Dir - straight line, f - dart slug
Aim: a dart slug (clinging, chance to defeat MR: 86%)
The dart slug is outlined in light.
The dart slug launches a dart at you. The slug dart hits you!
* * * LOW HITPOINT WARNING * * *
You hit the dart slug. You bite the dart slug.
The dart slug is heavily wounded.
The dart slug launches a dart at you. The slug dart hits you!
You die...

#...........###.#.#....# ##
#######.#...........#...#....#
........######...##.#...####.#
.................. .#...# .#
.......#######.#.####.#.# .#
.....).###...#..... .# .#
.............###..
...............w†#
............####@#
.................#
............######
..####.........# ..
#.........# . #.........#
#####.....# #.....# #.....#


You could see a dart slug.

Vanquished Creatures
  2 dart slugs (D:1)
  A giant cockroach (D:1)
  3 goblins
  3 hobgoblins (D:1)
  A quokka (D:2)
  A giant newt (D:2)
  3 kobolds
  6 rats
20 creatures vanquished.

Notes
Turn   | Place    | Note
-------+----------+-------------------------------------------
     0 | D:1      | mrath the Vampire Enchanter began the quest for the Orb.
     0 | D:1      | Reached XP level 1. HP: 13/13 MP: 3/3
   720 | D:1      | Reached XP level 2. HP: 17/19 MP: 5/5
  1428 | D:2      | Killed from afar by a dart slug

Vault maps used:
D:1:      minmay_arrival_split_and_join, dk_noncrumbling_2
D:2:      grunt_decor_fettered

Action                   || total
-------------------------++-------
Melee: Dagger            ||    71
       Bite              ||     6
 Cast: Corona            ||    11
  Use: Potion            ||     1
Armor: Robe              ||    11
Dodge: Dodged            ||    36
